 Dungeon Sprint DCSS version 0.22.1-2-g9c5b331383 (webtiles) character file.

55 Groucho the Sneak (level 3, -4/15 HPs)
             Began as a Felid Transmuter on Dec 7, 2018.
             Slain by an iguana (15 damage)
             ... in the Dungeon (Sprint IX: "|||||||||||||||||||||||||||||").
             The game lasted 00:01:46 (218 turns).

Groucho the Sneak (Felid Transmuter)                 Turns: 218, Time: 00:01:46

Health: -4/15      AC:  1    Str:  7    XL:     3   Next: 67%
Magic:  7/7        EV: 18    Int: 14    God:
Gold:   0          SH:  0    Dex: 16    Spells: 5/6 levels left
                                        Lives:  0   Deaths: 0

rFire    . . .     SeeInvis +     - Unarmed
rCold    . . .     Gourm    .   (shield unavailable)
rNeg     . . .     Faith    .   (armour unavailable)
rPois    .         Spirit   .   (helmet unavailable)
rElec    .         Reflect  .   (cloak unavailable)
rCorr    .         Harm     .   (gloves unavailable)
MR       .....     NoTele   +   (boots unavailable)
Stlth    ++++......             (no amulet)
HPRegen  0.05/turn              (no ring)
MPRegen  0.10/turn              (no ring)

@: quick
A: very small, no armour, no weapons or thrown items, stealth, claws 1, fangs 3,
see invisible, carnivore, speed 1, shaggy fur 1, slow metabolism 1, sharp paws
a: no special abilities


You were in the Dungeon.
You were full.

You visited 1 branch

Inventory:

Missiles
 a - 12 arrows
Scrolls
 i - a scroll of blinking
Potions
 d - a potion of curing
 e - a potion of heal wounds
 f - a potion of haste
 g - 2 potions of magic
 h - a potion of berserk rage
Comestibles
 c - a ration


   Skills:
 - Level 1.0 Fighting
 - Level 2.6 Dodging
 + Level 7.2 Stealth
 + Level 6.0 Unarmed Combat
 - Level 2.0 Spellcasting
 - Level 2.1 Transmutations


You had 5 spell levels left.
You knew the following spells:

 Your Spells              Type           Power        Failure   Level  Hunger
a - Beastly Appendage     Tmut           #.....       10%         1    ##.....

Your spell library contained the following spells:

 Spells                   Type           Power        Failure   Level  Hunger
 Sticks to Snakes         Tmut           #.......     14%         2    ###....
 Spider Form              Tmut/Pois      #.........   41%         3    ####...
 Ice Form                 Ice/Tmut       #.......     83%         4    #####..
 Blade Hands              Tmut           #.........   95%         5    ######.


Dungeon Overview and Level Annotations

Branches:
Dungeon (1/1)

Altars:


Innate Abilities, Weirdness & Mutations

You cannot wear armour.
You are incapable of wielding weapons or throwing items.
Your paws allow you to move quietly. (Stealth)
You have sharp claws.
You have razor-sharp teeth.
You have supernaturally acute eyesight. (SInv)
You are carnivorous and can eat meat at any time.
You cover ground quickly.
You are covered in fur. (AC +1)
You have a slow metabolism.
Your sharp claws are effective at attacking unaware monsters.


Message History

You have reached level 3!
Your experience leads to an increase in your attributes!
Increase (S)trength, (I)ntelligence, or (D)exterity?
You feel stronger.
The iguana hisses angrily.
The leopard gecko hisses angrily.
Okay, then.
The ooze hits you.
You scratch the ooze.
The ooze is lightly wounded.
The ooze barely misses you.
You scratch the ooze.
The ooze is moderately wounded.
The ooze misses you.
You claw the ooze!
You kill the ooze!
Your Unarmed Combat skill increases to level 6!
You scratch the iguana but do no damage.
The iguana bites you!
Ouch! That really hurt!
You die... ▓▓▓▓▓▓▓▓▓▓▓▓▓▓▓▓▓▓ ▓<...))).@llr....+ ▓▓▓▓▓▓▓▓▓▓▓▓▓▓▓▓▓▓

You could see an iguana, a leopard gecko and a quokka.

Vanquished Creatures
  A scorpion (D)
  An ooze (D)
  A bat (D)
  A goblin (D)
  A hobgoblin (D)
  A kobold (D)
  A rat (D)
7 creatures vanquished.

Vanquished Creatures (others)
  A spatial maelstrom (D)
1 creature vanquished.

Grand Total: 8 creatures vanquished

Notes
Turn   | Place    | Note
-------+----------+-------------------------------------------
     0 | D        | Groucho the Felid Transmuter began the quest for the Orb.
     0 | D        | Reached XP level 1. HP: 9/9 MP: 4/4
     8 | D        | Reached skill level 1 in Stealth
    10 | D        | Reached skill level 2 in Stealth
    12 | D        | Reached skill level 3 in Stealth
    35 | D        | Banished a spatial maelstrom
   208 | D        | Noticed a scorpion
   208 | D        | Noticed an iguana
   210 | D        | Killed a scorpion
   210 | D        | Reached skill level 7 in Stealth
   210 | D        | Reached skill level 5 in Unarmed Combat
   210 | D        | Reached XP level 2. HP: 12/12 MP: 6/6
   210 | D        | Reached XP level 3. HP: 15/15 MP: 7/7
   218 | D        | Slain by an iguana

Skill      XL: |  1  2  3 |
---------------+----------+-----
Stealth        | 7 |  7.2
Unarmed Combat | 5 6 |  6.0
Fighting       | |  1.0
Dodging        | |  2.6
Spellcasting   | |  2.0
Transmutations | |  2.1

Action                   || total
-------------------------++-------
Melee: Unarmed           ||    16
       Punch             ||     1
       Bite              ||     1
 Stab: Sleeping          ||     1
  Eat: Chunk             ||     2
Dodge: Dodged            ||    10
